 Dungeon Crawl Stone Soup version 0.21-a0-509-gecc5317 (webtiles) character file.

9984 galech the Grappler (level 11, 0/101 HPs)
             Began as a Troll Monk on Nov 30, 2017.
             Was a High Priest of Okawaru.
             Slain by an orc warrior
             ... wielding a +0 short sword
             ... led by an orc knight
              (20 damage)
             ... on level 1 of the Orcish Mines.
             The game lasted 00:19:05 (8545 turns).

galech the Grappler (Troll Monk)                    Turns: 8545, Time: 00:19:06

Health: 0/101      AC: 12    Str: 24    XL:     11   Next: 30%
Magic:  19/19      EV: 14    Int:  8    God:    Okawaru [*****.]
Gold:   752        SH:  0    Dex: 14    Spells: 10/10 levels left

rFire    . . .     SeeInvis .     - Unarmed
rCold    . . .     Gourm    +   (no shield)
rNeg     . . .     Faith    .   R - +0 robe of the Dungeon {Slay+3}
rPois    +         Spirit   .   (helmet restricted)
rElec    .         Reflect  .   s - +1 cloak
rCorr    .         Harm     .   (gloves unavailable)
MR       .....     Clarity  +   (boots unavailable)
Stlth    +++.......             (no amulet)
HPRegen  0.66/turn              t - +3 ring of protection
MPRegen  0.16/turn              L - ring of magical power

@: no status effects
A: large, unfitting armour, claws 3, horns 1, molten scales 1, agile 1, clarity,
clever 1, fast metabolism 3, gourmand, poison resistance, regeneration 1, shaggy
fur 1, tough skin 2
a: Heroism, Finesse, Renounce Religion


You were on level 1 of the Orcish Mines.
You worshipped Okawaru.
Okawaru was extremely pleased with you.
You were completely stuffed.

You visited 3 branches of the dungeon, and saw 14 of its levels.
You also visited: Ossuary.

You collected 752 gold pieces.

Inventory:

Armour
 a - a +0 robe
 s - a +1 cloak (worn)
 R - the +0 robe of the Dungeon (worn) {Slay+3}
   (Okawaru gifted it to you on level 9 of the Dungeon)

   It affects your accuracy and damage with ranged weapons and melee attacks
   (+3).
Jewellery
 t - a +3 ring of protection (left claw)
 F - a +4 ring of intelligence
 L - a ring of magical power (right claw)
Wands
 u - a wand of random effects (9)
 y - a wand of enslavement (12)
 A - a wand of paralysis (18)
 G - a wand of flame (36)
 M - a wand of acid (6)
 O - a wand of polymorph (17)
Scrolls
 c - 3 scrolls of immolation
 h - 4 scrolls of remove curse
 i - 3 scrolls of magic mapping
 l - 2 scrolls of noise
 m - 4 scrolls of teleportation
 n - 2 scrolls of enchant weapon
 o - 3 scrolls of fear
 p - 3 scrolls of amnesia
 B - 6 scrolls of random uselessness
 Q - a scroll of enchant armour
Potions
 e - a potion of lignification
 f - 6 potions of flight {unknown}
 j - 3 potions of brilliance {unknown}
 k - 4 potions of heal wounds {unknown}
 q - 8 potions of curing {unknown}
 r - 6 potions of might {unknown}
 w - a potion of magic
 z - 4 potions of ambrosia {unknown}
 C - 9 potions of degeneration {unknown}
 D - 2 potions of invisibility
 H - 2 potions of haste
 I - a potion of agility
 P - a potion of cancellation
Books
 v - a book of Maledictions

   Spells                             Type                      Level
   a - Corona                         Hexes                        1
   b - Ensorcelled Hibernation        Hexes/Ice                    2
   c - Confuse                        Hexes                        3
   d - Tukima's Dance                 Hexes                        3
   e - Dazzling Spray                 Conjuration/Hexes            3
 J - a book of Conjurations

   Spells                             Type                      Level
   a - Magic Dart                     Conjuration                  1
   b - Searing Ray                    Conjuration                  2
   c - Dazzling Spray                 Conjuration/Hexes            3
   d - Fulminant Prism                Conjuration/Hexes            4
   e - Force Lance                    Conjuration/Translocation    4
   f - Iskenderun's Mystic Blast      Conjuration                  4
 N - a book of Cantrips

   Spells                             Type                      Level
   a - Confusing Touch                Hexes                        1
   b - Animate Skeleton               Necromancy                   1
   c - Summon Small Mammal            Summoning                    1
   d - Apportation                    Translocation                1
 S - a book of Changes

   Spells                             Type                      Level
   a - Beastly Appendage              Transmutation                1
   b - Sticks to Snakes               Transmutation                2
   c - Spider Form                    Transmutation/Poison         3
   d - Ice Form                       Ice/Transmutation            4
   e - Blade Hands                    Transmutation                5
Comestibles
 b - 6 bread rations
 d - 6 royal jellies
 g - 3 meat rations
 K - 3 fruits
 T - 9 chunks of flesh


   Skills:
 + Level 4.6 Fighting
 + Level 7.1 Dodging
 + Level 4.0 Stealth
 + Level 13.6 Unarmed Combat
 + Level 0.6 Invocations


You had 10 spell levels left.
You didn't know any spells.

Dungeon Overview and Level Annotations

Branches:
Dungeon (11/15)            Temple (1/1) D:4            Lair (0/6) D:9
    Orc (2/2) D:9
    Elf: Orc:2

Altars:
Cheibriados
Dithmenos
Fedhas
Gozag
Kikubaaqudgha
Nemelex Xobeh
Okawaru
Qazlal
Trog
Vehumet
Yredelemnul
The Shining One

Shops:
D:6 %


Innate Abilities, Weirdness & Mutations

You are too large for most types of armour.
You have claws for hands.
Your metabolism is lightning-fast.
You like to eat raw meat.
Your natural rate of healing is unusually fast.
You are covered in fur. (AC +1)
You have very tough skin. (AC +2)
You have a pair of small horns on your head.
You are partially covered in molten scales. (AC +2)
You are agile. (Dex +2)
You possess an exceptional clarity of mind.
Your mind is acute. (Int +2)
Your system is resistant to poisons. (rPois)


Message History

The orc hits you with a club.
The orc priest invokes the aid of Beogh against you.
Pain shoots through your body! The orc warrior barely misses you.
The orc closely misses you.
The orc warrior hits you from afar with a halberd!
There is a stone staircase leading up, spattered with blood here.
The orc priest calls down the wrath of Beogh upon you.
Beogh smites you! The orc warrior misses you. The orc misses you.
The orc knight roars a battlecry!
The orcs go into a battle-frenzy!
The ogre barely misses you. The orc closely misses you.
You climb upwards.
There is a stone staircase leading down here.
The orc knight hits you with a war axe!
* * * LOW HITPOINT WARNING * * *
The orc barely misses you. The ogre hits you with a giant club!
* * * LOW HITPOINT WARNING * * *
The orc knight closely misses you.
The orc warrior hits you with a short sword!!
You die...

##...................##.##
#........#.#.##..........#
#........##...........#.##
#........#..........#.###
##..#..[............###
#....<[...........##
##...[[...O......##
####.....o......#
#.#..@oo....##
###...o..#### #.......#
##...#### ###..## #...#
##.## ###


You could see an orc knight, an orc warrior, an ogre and 2 orcs.

Vanquished Creatures
  The ghost of Gerstahl the Fighter, a journeyman NaGl of Okawaru (Orc:1)
  The ghost of Ratty the Fighter, a novice CeBe of Trog (D:7)
  The ghost of DEFE the Thrower, a novice TrHu of Cheibriados (D:10)
  A manticore (D:11)
  A cyclops (D:11)
  Maurice (D:9)
  2 trolls
  A hippogriff (D:7)
  4 yaks (D:9)
  2 wyverns (D:9)
  A water moccasin (D:10)
  4 orc warriors
  4 sky beasts
  An ice beast (D:8)
  A black bear (D:11)
  3 phantoms
  6 ogres
  3 wolves
  2 centaurs
  8 bullfrogs
  A wyvern zombie (D:7)
  15 wights
  6 killer bees (D:8)
  An electric eel (D:9)
  3 vampire bats (D:4)
  A howler monkey (D:7)
  7 crimson imps
  4 centaur zombies (Ossuary)
  A bullfrog zombie (D:6)
  3 hounds
  5 orc priests
  11 orc wizards
  Crazy Yiuf (D:2)
  A bullfrog skeleton (D:3)
  2 jellies (D:6)
  A centaur skeleton (D:8)
  4 iguanas
  3 worker ants
  A big kobold zombie (Ossuary)
  A hound skeleton (D:4)
  6 mummies
  A worker ant zombie (D:9)
  Robin (D:2)
  17 adders
  7 gnolls
  A shadow imp (D:10)
  2 oozes
  2 adder zombies
  A worm (D:3)
  2 dart slugs (D:2)
  8 leopard geckos
  18 orcs
  4 ball pythons
  2 bat skeletons (D:4)
  3 bat zombies (D:4)
  7 giant cockroaches
  15 goblins
  9 hobgoblins
  6 jackals
  3 kobolds
  6 quokkas
  14 bats
  4 frilled lizards
  2 hobgoblin zombies
  A jackal skeleton (D:5)
  3 orc zombies
  16 rats
281 creatures vanquished.

Notes
Turn   | Place    | Note
-------+----------+-------------------------------------------
     0 | D:1      | galech the Troll Monk began the quest for the Orb.
     0 | D:1      | Reached XP level 1. HP: 22/22 MP: 0/0
   153 | D:1      | Reached XP level 2. HP: 28/29 MP: 1/1
   275 | D:1      | Found a sparkling altar of Nemelex Xobeh.
   500 | D:2      | Found a runed door.
   504 | D:2      | Noticed Crazy Yiuf
   508 | D:2      | Killed Crazy Yiuf
   508 | D:2      | Reached XP level 3. HP: 23/36 MP: 2/2
   618 | D:2      | Reached XP level 4. HP: 27/44 MP: 3/3
   665 | D:2      | Noticed Robin
   676 | D:2      | Reached skill level 4 in Unarmed Combat
   680 | D:2      | Killed Robin
  1349 | D:3      | Reached XP level 5. HP: 53/53 MP: 4/4
  1410 | D:3      | Found a shadowy altar of Dithmenos.
  1923 | D:4      | Noticed an ogre
  1929 | D:4      | Killed an ogre
  1929 | D:4      | Reached skill level 5 in Unarmed Combat
  1929 | D:4      | Reached XP level 6. HP: 59/61 MP: 5/5
  2151 | D:4      | Reached skill level 6 in Unarmed Combat
  2167 | D:4      | Reached XP level 7. HP: 67/67 MP: 6/6
  2203 | D:4      | Found a staircase to the Ecumenical Temple.
  2223 | Temple   | Entered the Ecumenical Temple
  2244 | Temple   | Became a worshipper of Warmaster Okawaru
  2244 | Temple   | Reached * piety under Okawaru
  2244 | Temple   | Reached ** piety under Okawaru
  2560 | D:4      | Found an ancient bone altar of Kikubaaqudgha.
  2727 | D:5      | Entered Level 5 of the Dungeon
  2759 | D:5      | Reached skill level 7 in Unarmed Combat
  2827 | D:5      | Found an opulent altar of Gozag.
  3500 | D:6      | Reached XP level 8. HP: 75/75 MP: 7/7
  3560 | D:6      | Reached *** piety under Okawaru
  3560 | D:6      | Reached skill level 8 in Unarmed Combat
  4234 | D:6      | Reached skill level 9 in Unarmed Combat
  4241 | D:6      | Gained mutation: Scrolls take you a little longer to read. [mutagenic meat]
  4242 | D:6      | Gained mutation: You are weak. (Str -2) [mutagenic meat]
  4243 | D:6      | Gained mutation: Your system is resistant to poisons. (rPois) [mutagenic meat]
  4244 | D:6      | Gained mutation: You are frail. (-10% HP) [mutagenic meat]
  4245 | D:6      | Gained mutation: You tend to lose your temper in combat. [mutagenic meat]
  4246 | D:6      | Gained mutation: Scrolls take you longer to read. [mutagenic meat]
  4281 | D:6      | Found Jingozen's Food Shop.
  4325 | D:7      | Reached skill level 5 in Dodging
  4398 | D:7      | Found a sand-covered staircase.
  4404 | Ossuary  | Entered an ossuary
  4677 | Ossuary  | Reached XP level 9. HP: 73/75 MP: 8/8
  4723 | D:7      | Found a snail-covered altar of Cheibriados.
  4762 | D:7      | Noticed Ratty's ghost (novice CeBe)
  4781 | D:7      | Killed Ratty's ghost
  4781 | D:7      | Reached **** piety under Okawaru
  4781 | D:7      | Reached skill level 10 in Unarmed Combat
  4899 | D:7      | Gained mutation: You are partially covered in molten scales. (AC +2) [mutagenic meat]
  5075 | D:7      | Reached skill level 11 in Unarmed Combat
  5097 | D:7      | HP: 1/75 [orc priest/nerve-wracking pain (9)]
  5427 | D:8      | Found a radiant altar of Vehumet.
  5618 | D:8      | Reached ***** piety under Okawaru
  5677 | D:8      | Reached XP level 10. HP: 72/82 MP: 9/9
  6200 | D:8      | Found a blossoming altar of Fedhas.
  6293 | D:9      | Found a staircase to the Lair.
  6331 | D:9      | Found a staircase to the Orcish Mines.
  6361 | D:9      | Reached skill level 12 in Unarmed Combat
  6389 | D:9      | Noticed Maurice
  6396 | D:9      | Paralysed by Maurice for 7 turns
  6403 | D:9      | Killed Maurice
  6419 | D:9      | Found a bloodstained altar of Trog.
  6710 | D:9      | Received a gift from Okawaru
  6722 | D:9      | Got a warped robe {god gift}
  6733 | D:9      | Identified the +0 robe of the Dungeon {Slay+3} (Okawaru gifted it to you on level 9 of the Dungeon)
  6992 | D:10     | Entered Level 10 of the Dungeon
  7142 | D:10     | Noticed DEFE's ghost (novice TrHu)
  7203 | D:10     | HP: 4/84 [DEFE's ghost (18)]
  7341 | D:10     | Killed DEFE's ghost
  7341 | D:10     | Reached skill level 13 in Unarmed Combat
  7713 | D:11     | Noticed a manticore
  7723 | D:11     | Killed a manticore
  7723 | D:11     | Reached XP level 11. HP: 61/90 MP: 10/10
  8069 | D:11     | Noticed a skeletal warrior
  8074 | D:11     | Noticed a skeletal warrior
  8222 | Orc:1    | Entered Level 1 of the Orcish Mines
  8257 | Orc:1    | Noticed Gerstahl's ghost (journeyman NaGl)
  8291 | Orc:1    | Killed Gerstahl's ghost
  8498 | Orc:1    | Lost mutation: You are frail. (-10% HP) [potion of mutation]
  8498 | Orc:1    | Lost mutation: You tend to lose your temper in combat. [potion of mutation]
  8498 | Orc:1    | Lost mutation: You are weak. (Str -2) [potion of mutation]
  8498 | Orc:1    | Lost mutation: Scrolls take you longer to read. [potion of mutation]
  8498 | Orc:1    | Gained mutation: You are agile. (Dex +2) [potion of mutation]
  8498 | Orc:1    | Gained mutation: You are occasionally teleported next to monsters. [potion of mutation]
  8498 | Orc:1    | Gained mutation: You possess an exceptional clarity of mind. [potion of mutation]
  8499 | Orc:1    | Lost mutation: Scrolls take you a little longer to read. [potion of mutation]
  8499 | Orc:1    | Lost mutation: You are occasionally teleported next to monsters. [potion of mutation]
  8499 | Orc:1    | Gained mutation: Your mind is acute. (Int +2) [potion of mutation]
  8499 | Orc:1    | Gained mutation: You have a pair of small horns on your head. [potion of mutation]
  8516 | Orc:2    | Entered Level 2 of the Orcish Mines
  8516 | Orc:2    | Noticed an orc knight
  8545 | Orc:1    | Slain by an orc warrior

Vault maps used:
D:1:      erik_arrival_blinker_ship, nemelex_xobeh_ov_fountains_minmay
D:2:      uniq_robin, uniq_crazy_yiuf_cottage
D:3:      minmay_wonky_spiral, nicolae_dithmenos_shadow_blocks,
          minmay_tree_intersection
D:4:      kennysheep_vampire_church, minmay_temple_entry_mist, first_bread
D:5:      minmay_misc_feat_room, roderic_batcave,
          nicolae_gozag_cash_rules_everything_around_me
D:6:      lemuel_ice_spiral_2, serial_shops, shop
D:7:      cheibriados_altar_1, nicolae_ossuary_entry_giza
D:8:      lemuel_doored_altar, fedhas_altar_4
D:9:      nicolae_overflow_hidden_temple, erik_lair_island, orc_0_dummy,
          uniq_maurice
D:11:     cheibrodos_tormentor_scu
Temple:   regret_index_temple_sphere_string
Orc:2:    grunt_orc_tribal_feast
Ossuary:  ossuary_crypta

Skill      XL: |  1  2  3  4  5  6  7  8  9 10 11 |
---------------+----------------------------------+-----
Unarmed Combat | 4 5 6 7 9 11 13 | 13.6
Dodging        | 3 4 5 6 7 |  7.1
Fighting       | 3 4 |  4.6
Stealth        | 2 3 4 |  4.0
Invocations    | |  0.6

Action                   |  1- 3 |  4- 6 |  7- 9 | 10-12 || total
-------------------------+-------+-------+-------+-------++-------
Melee: Unarmed           |    77 |   163 |   344 |   244 ||   828
       Punch             |       |     4 |    14 |    13 ||    31
       Headbutt          |       |       |       |     1 ||     1
Invok: Heroism           |       |       |       |     4 ||     4
  Use: Scroll            |       |       |     6 |    11 ||    17
       Potion            |       |       |       |     2 ||     2
 Stab: Sleeping          |     1 |     5 |     7 |     6 ||    19
       Distracted        |       |       |       |     1 ||     1
  Eat: Chunk             |    11 |    14 |    41 |    29 ||    95
Armor: Robe              |    16 |    45 |   141 |    82 ||   284
Dodge: Dodged            |    46 |    85 |   161 |   140 ||   432

Table legend:
 A = Spawn XP
 B = Non-spawn XP
 C = Spawn XP percentage of total XP
 D = Spawn monster count
 E = Non-spawn monster count
 F = Spawn count percentage of total count
 G = Total turns spent on level
                    A         B        C        D         E        F      G
               +---------+---------+-------+---------+---------+-------+---------
         Total |       0 |   14263 |   0.0 |       0 |     281 |   0.0 |  8545
               +---------+---------+-------+---------+---------+-------+---------
           D:1 |       0 |      31 |   0.0 |       0 |      18 |   0.0 |   451
           D:2 |       0 |     141 |   0.0 |       0 |      37 |   0.0 |   696
           D:3 |       0 |     110 |   0.0 |       0 |      23 |   0.0 |   773
           D:4 |       0 |     805 |   0.0 |       0 |      25 |   0.0 |   772
           D:5 |       0 |     333 |   0.0 |       0 |      19 |   0.0 |   763
           D:6 |       0 |    1120 |   0.0 |       0 |      25 |   0.0 |   909
           D:7 |       0 |    2157 |   0.0 |       0 |      31 |   0.0 |   657
           D:8 |       0 |    1522 |   0.0 |       0 |      29 |   0.0 |   949
           D:9 |       0 |    2942 |   0.0 |       0 |      31 |   0.0 |   930
          D:10 |       0 |    1726 |   0.0 |       0 |      15 |   0.0 |   704
          D:11 |       0 |    1400 |   0.0 |       0 |       6 |   0.0 |   398
         Orc:1 |       0 |    1667 |   0.0 |       0 |       8 |   0.0 |   198
         Orc:2 |       0 |       3 |   0.0 |       0 |       1 |   0.0 |     8
       Ossuary |       0 |     306 |   0.0 |       0 |      13 |   0.0 |   302
               +---------+---------+-------+---------+---------+-------+---------
